Unix NetHack Version 3.7.0-65 Work-in-progress - last build Oct 10 2022 05:34:18 (2afc5cfc90f7ecdc2856d9919a2295b875398e55,branch:master). Game began 2022-10-12 12:22:27, ended 2022-10-12 13:08:15. ichbinmiah, chaotic female human Rogue | |.----------- --- |..|.|.--...-------.-- --- -...^.....)..--.|...----- ..| --..aaad........)................- |...@--..........---...--- | ---.------.---...-- - -- -- --- |-...| --....| --- |....^---.--- |-....%.....---- --........<.....| --- |...............- |.............---.....| |....-----.|..| --...| ---.- ------ ---- -- Ichbinmiah the Rogue St:13 Dx:18 Co:15 In:11 Wi:9 Ch:12 Chaotic Dlvl:4 $:0 HP:0(45) Pw:19(19) AC:1 Xp:6/421 T:4071 Latest messages: The giant ant bites! The giant ant bites! What do you want to use or apply? [bjkw or ?*] You produce a strange whistling sound. YipYip shifts location. The giant ant bites! The giant ant bites! YipYip misses the giant ant. YipYip misses the giant ant. The giant ant misses! The giant ant bites! YipYip misses the giant ant. YipYip misses the giant ant. YipYip misses the giant ant. The giant ant misses! What do you want to use or apply? [bjkw or ?*] F - a scroll called likely teleportation. The giant ant misses! What do you want to throw? [aK or ?*] In what direction? You throw 3 daggers. The 1st dagger misses the giant ant. The 2nd dagger hits the giant ant. The 3rd dagger hits the giant ant! The giant ant bites! The giant ant misses! The giant ant bites! You hear a jackal howling at the moon. You hit the giant ant! The giant ant bites! The giant ant bites! The giant ant misses! The giant ant bites! The giant ant bites! YipYip misses the giant ant. What do you want to read? [F or ?*] As you read the scroll, it disappears. You shudder for a moment. The giant ant bites! The giant ant bites! The giant ant bites! YipYip drops an uncursed +0 dagger. YipYip bites the giant ant. The giant ant bites! You die... Do you want your possessions identified? [ynq] (y) Do you want to see your attributes? [ynq] (y) Do you want an account of creatures vanquished? [ynaq] (y) Do you want to see your conduct and achievements? [ynq] (y) Do you want to see the dungeon overview? [ynq] (y) Inventory: Weapons a - 5 uncursed +0 daggers (wielded) K - an uncursed +0 dagger (at the ready) Armor R - an uncursed +0 dwarvish iron helm (being worn) S - an uncursed +0 pair of iron shoes (being worn) T - an uncursed +0 dwarvish roundshield (being worn) U - an uncursed +0 dwarvish cloak (being worn) c - an uncursed +1 leather armor (being worn) Comestibles s - an uncursed food ration Tools j - an uncursed bag of holding containing 22 items b - an uncursed blindfold k - an uncursed lock pick w - an uncursed magic whistle Contents of the bag of holding: 71 gold pieces an uncursed food ration an uncursed lembas wafer an uncursed scroll of enchant armor an uncursed scroll of remove curse an uncursed scroll of identify an uncursed scroll of light an uncursed potion of object detection an uncursed potion of water a cursed potion of oil an uncursed potion of fruit juice an uncursed potion of extra healing an uncursed potion of sickness an uncursed ring of invisibility an uncursed ring of protection from shape changers an uncursed worthless piece of blue glass 2 uncursed sapphires 2 uncursed worthless pieces of green glass an uncursed agate stone an uncursed garnet stone an uncursed worthless piece of red glass 3 uncursed worthless pieces of yellowish brown glass Ichbinmiah the Rogue's attributes: Background: You were a Rogue, level 6 female human. You were chaotic, nominally on a mission for Kos who was opposed by Issek (lawful) and Mog (neutral). You were in the Gnomish Mines, on level 4. You entered the dungeon 4071 turns ago. There was a full moon in effect when your adventure ended. You had 421 experience points, 219 more were needed to attain level 7. Basics: You had 0 out of 45 hit points. You had all 19 energy points (spell power). Your armor class was 1. Your wallet was empty. Autopickup was on for '$?!/="+*' plus thrown, with exceptions. Final Characteristics: Your strength was 13 (limit:18/100). Your dexterity was 18 (limit:18). Your constitution was 15 (limit:18). Your intelligence was 11 (limit:18). Your wisdom was 9 (limit:18). Your charisma was 12 (limit:18). Final Status: You were not hungry. You were unencumbered. You were wielding daggers. You were skilled in dagger. Final Attributes: You were piously aligned. You were stealthy. You were warded. You were lucky. You are dead. Miscellaneous: You disabled loading of bones levels. Total elapsed playing time was 45 minutes and 47 seconds. Major events: Turn 1: ichbinmiah the chaotic female human Rogue entered the dungeon 525: entered the Gnomish Mines 926: attained the rank of Cutpurse (level 3) 3345: attained the rank of Rogue (level 6) 4071: killed by a giant ant Vanquished creatures: a small mimic a gnome mummy a wood nymph a rock piercer a rock mole a pony 2 fog clouds 2 gnome leaders a gnomish wizard a kitten 2 dwarves 2 rothes a rabid rat a giant bat 2 monkeys 2 iguanas 3 hobbits 3 large kobolds a giant rat 2 cave spiders 11 gnomes a garter snake a gnome zombie 3 geckos 4 jackals 2 foxes 2 goblins 2 sewer rats 8 grid bugs 2 bats 6 lichens 3 kobold zombies 11 newts 87 creatures vanquished. No species were genocided or became extinct. Voluntary challenges: You were an atheist. You read items or engraved 1 time. You never engraved Elbereth. You never genocided any monsters. You never polymorphed an object. You never changed form. You used no wishes. Achievements: You entered the Gnomish Mines. You attained the rank of Cutpurse. You entered a shop. You attained the rank of Rogue. The Dungeons of Doom: levels 1 to 7 Level 1: A fountain. Level 2: "vault on level" Many fountains. Stairs down to The Gnomish Mines. Level 3: A general store, a fountain. Level 4: Some fountains. Level 5: "vault on level" A fountain. Level 6: A general store. Level 7: The Gnomish Mines: levels 3 to 4 Level 3: Level 4: <- You were here. Final resting place for you, killed by a giant ant. Game over: ---------- / \ / REST \ / IN \ / PEACE \ / \ | ichbinmiah | | 71 Au | | killed by a | | giant ant | | | | | | 2022 | *| * * * | * _________)/\\_//(\/(/\)/\//\/|_)_______ Goodbye ichbinmiah the Rogue... You died in The Gnomish Mines on dungeon level 4 with 2058 points, and 71 pieces of gold, after 4071 moves. You were level 6 with a maximum of 45 hit points when you died.